 Dungeon Crawl Stone Soup version 0.30-a0-743-gbfdf073431 (webtiles) character file.

Game seed: 8299962673452261824

235 hikkokomori the Chiller (level 5, 0/30 HPs)
             Began as a Deep Elf Ice Elementalist on Feb 6, 2023.
             Slain by an ogre
             ... wielding a +0 giant club
              (30 damage)
             ... on level 4 of the Dungeon.
             The game lasted 00:05:53 (2927 turns).

hikkokomori the Chiller (Deep Elf Ice Elementalist) Turns: 2927, Time: 00:05:53

Health: 0/30       AC:  4    Str:  5    XL:     5   Next: 76%
Magic:  11/14      EV: 12    Int: 22    God:
Gold:   190        SH:  0    Dex: 15    Spells: 6/13 levels left

rFire   . . .      SeeInvis .    u - +11 trident of Sehuist {flame, rElec rPois}
rCold   . . .      Faith    .    (no shield)
rNeg    . . .      Spirit   .    a - +0 robe
rPois   +          Reflect  .    (no helmet)
rElec   +          Harm     .    (no cloak)
rCorr   .          Rampage  .    l - +0 pair of gloves
Will    .....                    m - +0 pair of boots
Stlth   +++                      (no amulet)
HPRegen 0.25/turn                (no ring)
MPRegen 0.14/turn                (no ring)

@: freezing walls
A: no striking features
a: no special abilities


You were on level 4 of the Dungeon.
You visited 1 branch of the dungeon, and saw 4 of its levels.

You collected 190 gold pieces.

Inventory:

Hand Weapons
 o - the +3 dagger of the Winnowing King {venom, rPois}
   (You found it on level 4 of the Dungeon)

   rPois:     It protects you from poison.
 u - the +11 trident of Sehuist (weapon) {flame, rElec rPois}
   (You found it on level 3 of the Dungeon)

   rElec:     It insulates you from electricity.
   rPois:     It protects you from poison.
Armour
 a - a +0 robe (worn)
 i - a +0 tower shield
 l - a +0 pair of gloves (worn)
 m - a +0 pair of boots (worn)
 n - a +0 buckler
 v - a +0 leather armour of fire resistance
Wands
 e - a wand of iceblast (8)
Scrolls
 j - a scroll of identify
 k - a scroll of enchant armour
 p - a scroll of enchant weapon
 q - 5 scrolls of teleportation
 w - a scroll of amnesia
Potions
 b - 4 potions of magic
 c - 4 potions of curing
 d - a potion of flight
 f - a potion of degeneration {unknown}
 g - a potion of attraction {unknown}
 h - a potion of lignification {unknown}
 s - a potion of heal wounds {unknown}
 t - a potion of invisibility {unknown}


   Skills:
 + Level 2.0 Fighting
 + Level 0.1 Polearms
 - Level 2.4 Dodging
 + Level 4.5 Stealth
 + Level 4.7 Spellcasting
 + Level 5.4 Ice Magic


You had 6 spell levels left.
You knew the following spells:

 Your Spells              Type           Power      Damage    Failure   Level
a - Freeze                Ice            100%       1d10      1%          1
b - Frozen Ramparts       Ice            58%        1d9       3%          3
c - Ozocubu's Armour      Ice            29%        N/A       3%          3

Your spell library contained the following spells:

 Spells                   Type           Power      Damage    Failure   Level
 Summon Ice Beast         Ice/Summ       17%        N/A       34%         4


Dungeon Overview and Level Annotations

Branches:
Dungeon (4/15)
 Temple: D:4-7

Altars:
Nemelex Xobeh


Message History

The adder barely misses you. The adder closely misses you.
You barely miss the adder.
The adder is heavily wounded.
You feel sick. The adder misses you.
You miss the adder. Your punch misses the adder.
The adder is heavily wounded.
You feel sick. The adder bites you. x2
Casting: Freeze (safe; 1% risk of failure)
Confirm with . or Enter, or press ? or * to list all spells.
Aiming: Freeze (safe; 1% risk of failure)
Press: ? - help, Shift-Dir - straight line, f - adder
Aim: an adder (heavily wounded)
You freeze the adder.
You kill the adder!
You feel sick.
You feel sick.
You feel sick.
You are no longer poisoned.
You see here the +3 dagger of the Winnowing King {venom, rPois}.
o - the +3 dagger of the Winnowing King {venom, rPois} Magic restored.
You feel your willpower return.
You hear the slow rusting of a distant drain.
HP restored.
You now have 190 gold pieces (gained 7).
An ogre comes into view. It is wielding a +0 giant club.
The ogre shouts!
An ogre is nearby!
Casting: Freeze (safe; 1% risk of failure)
Confirm with . or Enter, or press ? or * to list all spells.
Casting: Frozen Ramparts (dangerous; 3% risk of failure)
Press: ? - help, Dir - look around, f - activate The walls around you are covered in ice.
The wall freezes the ogre.
You puncture the ogre! You burn the ogre.
The ogre is severely wounded.
The wall freezes the ogre.
The ogre hits you with a +0 giant club!!
Ouch! That really hurt!
You die...

..........###
######.....#
##.....# ##
#......# .
#......#
#.#......#
##.#......#
#..O......#
####@#..#.#
#...$....#.#
#.....#..# .
#####......
........#
.........#
.^#.......#
#.......#


You could see an ogre.

Vanquished Creatures
  A black bear (D:3)
  5 adders
  2 worms
  5 dart slugs
  4 orcs (D:3)
  9 bats
  7 endoplasms
  2 giant cockroaches
  10 goblins
  8 hobgoblins
  2 jackals (D:2)
  3 kobolds (D:2)
  5 quokkas
  5 ball pythons
  8 frilled lizards
  7 rats
83 creatures vanquished.

Vanquished Creatures (others)
  A fungus (D:3)
1 creature vanquished.

Grand Total: 84 creatures vanquished

Notes
Turn   | Place    | Note
-------+----------+-------------------------------------------
     0 | D:1      | hikkokomori the Deep Elf Ice Elementalist began the quest
                  | for the Orb.
     0 | D:1      | Reached XP level 1. HP: 10/10 MP: 6/6
   187 | D:1      | Reached XP level 2. HP: 10/16 MP: 4/8
   484 | D:1      | Reached XP level 3. HP: 20/20 MP: 7/10
   488 | D:1      | Learned a level 3 spell: Frozen Ramparts
   492 | D:1      | Learned a level 3 spell: Ozocubu's Armour
   630 | D:1      | Reached skill level 1 in Fighting
   968 | D:1      | Found a faded altar of an unknown god.
  1403 | D:2      | Reached XP level 4. HP: 20/25 MP: 3/11
  1554 | D:2      | Reached skill level 5 in Ice Magic
  1990 | D:3      | Noticed a black bear
  2005 | D:3      | Killed a black bear
  2006 | D:3      | Reached XP level 5. HP: 27/30 MP: 4/13
  2110 | D:3      | Found a sparkling altar of Nemelex Xobeh.
  2337 | D:3      | Identified the +11 trident of Sehuist {flame, rElec rPois}
  2873 | D:4      | Identified the +3 dagger of the Winnowing King {venom,
                  | rPois}
  2925 | D:4      | Noticed an ogre
  2927 | D:4      | Slain by an ogre

Illustrated notes

Levels and vault maps discovered:
D:1:      dpeg_arrival_shrine, layout_basic, shapermc_ecumenical_altar_pompeii,
          minmay_stone_trees_small, hangedman_decor_push,
          kennysheep_minor_cross, chequers_jeans, kennysheep_nondescript,
          hex_tiny
D:2:      kennysheep_six_static_rooms, layout_rooms
D:3:      layout_basic, mainiacjoe_overflow_cross_hatched
D:4:      layout_basic, minmay_temple_entry_stoned_glass,
          cheibrodos_sewer_entry_sluice, uniq_edmund, uniq_sigmund,
          uniq_eustachio

Skill      XL: |  1  2  3  4  5 |
---------------+----------------+-----
Stealth        | 3 4 |  4.5
Fighting       | 1 2 |  2.0
Spellcasting   | 4 |  4.7
Ice Magic      | 5 |  5.4
Polearms       | |  0.1
Dodging        | |  2.4

Action                     |  1- 3 |  4- 6 || total
---------------------------+-------+-------++-------
  Melee: Unarmed           |    15 |     4 ||    19
         Trident           |       |    16 ||    16
   Cast: Freeze            |    67 |    35 ||   102
         Frozen Ramparts   |     3 |     3 ||     6
         Ozocubu's Armour  |       |     1 ||     1
    Use: Scroll            |     2 |     6 ||     8
   Stab: Sleeping          |     1 |     6 ||     7
 Armour: Robe              |    16 |    10 ||    26
  Dodge: Dodged            |    44 |    18 ||    62

Table legend: (Time is in decaauts)
 A = Elapsed time spent in this place.
 B = Non-inter-level travel time spent in this place.
 C = Inter-level travel time spent in this place.
 D = Time resting spent in this place.
 E = Time spent auto-exploring this place.
 F = Levels seen in this place.
 G = Mean time per level.
                   A        B        C        D        E       F      G
               +--------+--------+--------+--------+--------+-----+--------+
         Total |   2931 |   2774 |    157 |      0 |   2267 |   4 |  732.8 |
       Dungeon |   2931 |   2774 |    157 |      0 |   2267 |   4 |  732.8 |
               +--------+--------+--------+--------+--------+-----+--------+

Top non-repeatable levels by time:
     D:1: 1077 daAuts
     D:2: 886 daAuts
     D:3: 881 daAuts
     D:4: 85 daAuts
